 Dungeon Crawl Stone Soup version 0.31-a0-692-gf03d1854d5 (webtiles) character file.

Game seed: 10354893994129645902

2848 Revguard the Covert (level 9, 0/45 HPs)
             Began as a Spriggan Brigand on Sept 7, 2023.
             Slain by an orc warrior
             ... wielding a +0 scimitar
              (13 damage)
             ... on level 6 of the Dungeon.
             The game lasted 00:31:01 (6576 turns).

Revguard the Covert (Spriggan Brigand)              Turns: 6576, Time: 00:31:02

Health: 0/45       AC:  9    Str:  7    XL:     9   Next: 46%
Magic:  0/16       EV: 20    Int: 13    God:
Gold:   358        SH:  0    Dex: 20    Spells: 15/17 levels left

rFire   . . .        e - +2 short sword (venom)
rCold   + . .        (no shield)
rNeg    . . .        f - +2 robe {rC+}
rPois   .            (helmet restricted)
rElec   .            c - +0 cloak
rCorr   .            (gloves unavailable)
SInv    +            (boots unavailable)
Will    +....        A - amulet of guardian spirit
Stlth   +++++        g - +4 ring of protection
HPRegen 0.27/turn    t - ring of wizardry
MPRegen 0.15/turn

%: guardian spirit, wizardry (x1)
@: wereblooded, very quick
A: very small, no large weapons, unfitting armour, see invisible, speed 3
a: no special abilities


You were on level 6 of the Dungeon.
You visited 1 branch of the dungeon, and saw 6 of its levels.
You also visited: Sewer.

You collected 358 gold pieces.

Inventory:

Hand Weapons
 a - a +3 dagger
 e - a +2 short sword of venom (weapon)
Missiles
 d - 21 poisoned darts (quivered)
Armour
 c - a +0 cloak (worn)
 f - a +2 robe of cold resistance (worn)
Jewellery
 g - a +4 ring of protection (left hand)
 n - a ring of magical power
 q - a +5 ring of evasion
 t - a ring of wizardry (right hand)
 v - a ring of protection from cold
 y - a ring of flight
 A - an amulet of guardian spirit (around neck)
Wands
 z - a wand of polymorph (10)
Scrolls
 l - a scroll of teleportation
 m - a scroll of immolation
 p - a scroll of amnesia
 s - a scroll of blinking
 u - a scroll of torment
Potions
 b - a potion of curing
 i - a potion of mutation
 j - a potion of ambrosia
 k - a potion of brilliance
 o - 2 potions of haste
 r - a potion of resistance
 B - a potion of enlightenment


   Skills:
 + Level 3.8 Fighting
 + Level 5.1 Short Blades
 - Level 2.0 Throwing
 + Level 2.8 Armour
 + Level 5.5 Dodging
 * Level 10.8 Stealth
 + Level 4.5 Spellcasting
 + Level 4.5 Hexes
 + Level 4.9 Transmutations
 + Level 5.1 Evocations
 - Level 1.0 Shapeshifting


You had 15 spell levels left.
You knew the following spells:

 Your Spells              Type           Power      Damage    Failure   Level
a - Wereblood             Tmut           15%        N/A       1%          2

Your spell library contained the following spells:

 Spells                   Type           Power      Damage    Failure   Level
 Shock                    Conj/Air       8%         1d3       9%          1
 Sublimation of Blood     Necr           2%         N/A       12%         2
 Gell's Gravitas          Tloc           2%         N/A       24%         3
 Swiftness                Air            2%         N/A       24%         3
 Teleport Other           Tloc           2%         N/A       24%         3
 Volatile Blastmotes      Fire/Tloc      4%         2d10      24%         3
 Fulminant Prism          Conj/Hex       4%         3d5       30%         4
 Airstrike                Air            1%         2d(1-17)  58%         4
 Animate Armour           Summ/Erth      4%         N/A       58%         4
 Iskenderun's Mystic Bla  Conj/Tloc      2%         2d3       58%         4
 Summon Lightning Spire   Summ/Air       2%         N/A       58%         4
 Dispersal                Tloc           1%         N/A       100%        6
 Summon Cactus Giant      Summ           1%         N/A       100%        6
 Summon Hydra             Summ           1%         N/A       100%        7


Dungeon Overview and Level Annotations

Branches:
Dungeon (6/15)              Sewer (visited)
 Temple: D:4-7

Altars:
Cheibriados
Gozag
Ru
Xom
The Shining One

Shops:
D:6 [

Annotations:
D:6 3 runed translucent doors, Jano's ghost, novice DsFE


Innate Abilities, Weirdness & Mutations

You are very small and have problems with some larger weapons.
You are too small for most types of armour.
You have supernaturally acute eyesight. (SInv)
You cover ground extremely quickly. (Speed+++)


Message History

The orc warrior misses you.
Found a dagger and a runed helmet.
Found a roughly hewn altar of Beogh.
You barely miss the orc warrior.
The orc warrior is heavily wounded.
The orc wizard closely misses you. The orc warrior barely misses you.
You hit the orc wizard.
The orc wizard looks even sicker.
The orc wizard is severely wounded.
The orc wizard gestures at you while chanting.
The magic dart hits you but does no damage.
The orc wizard hits you but does no damage.
The orc warrior hits you with a +0 scimitar!
You closely miss the orc wizard.
The orc wizard is severely wounded.
The orc wizard barely misses you. x2; The orc warrior misses you.
Unknown command.
You closely miss the orc wizard.
The orc wizard is heavily wounded.
You hit the orc wizard.
The orc wizard is severely wounded.
The orc wizard hits you with a +0 dagger.
The orc wizard completely misses you.
The orc warrior hits you with a +0 scimitar!
* * * LOW HITPOINT WARNING * * *
Unknown command.
The orc wizard gestures at you while chanting.
The puff of flame misses you.
The orc wizard attacks as it pursues you!
The orc wizard hits you but does no damage.
You kill the orc wizard!
The orc wizard points at you and mumbles some strange words.
You resist with almost no effort.
You howl as the wereblood boils in your veins!
You closely miss the orc wizard.
The orc wizard is almost dead.
The orc wizard mumbles some strange words.
The orc wizard flickers and vanishes for a moment.
The orc warrior attacks as it pursues you!
The orc warrior hits you with a +0 scimitar!
You die...

.......##### #########.)......)).
.#######8...)[_.....8######.####.
.......#.............#.# #.# #.
.......#!#8#..8..#8#.#.####.####.
.......#.###o....###.#.##.....##.
.......#..oo#####o...#.##.....##.
.......#.ooooo.Woo...#........##.
#############+++######....#.#####
#.. #8......oo@....8....#.#
#...##...)...............#.#####
#.............##................
#........####.......>......#####
###......# #........#######
#......# #.....##.# #......#
########)##### ........#
####........# ..........
............#


You could see 3 orc warriors, 2 orc priests, an orc wizard (invisible,
poisoned), Jano's ghost and 6 orcs.

Vanquished Creatures
  Grinder (D:3)
  Sigmund (D:5)
  Eustachio (D:5)
  Menkaure (D:6)
  A water moccasin (D:5)
  A sky beast (D:6)
  3 ogres (D:6)
  A black bear (D:6)
  A centaur (D:5)
  A phantom (D:6)
  2 bullfrogs (Sewer)
  A scorpion (D:5)
  5 wights (D:4)
  5 hounds
  3 jellies
  Crazy Yiuf (D:6)
  An orc priest (D:5)
  6 iguanas
  A sleepcap (D:5)
  Ijyb (D:3)
  6 orc wizards
  Robin (D:3)
  11 gnolls
  5 river rats (D:3)
  16 adders
  A white imp (D:5)
  An ufetubus (D:4)
  9 worms
  2 dart slugs (D:1)
  16 orcs
  11 ball pythons
  5 bats
  5 endoplasms
  10 giant cockroaches
  11 goblins
  11 hobgoblins
  13 jackals
  8 kobolds
  8 quokkas
  9 frilled lizards
  4 rats
201 creatures vanquished.

Vanquished Creatures (others)
  A goblin (D:3)
1 creature vanquished.

Grand Total: 202 creatures vanquished

Notes
Turn   | Place    | Note
-------+----------+-------------------------------------------
     0 | D:1      | Revguard the Spriggan Brigand began the quest for the Orb.
     0 | D:1      | Reached XP level 1. HP: 10/10 MP: 2/2
    86 | D:1      | Reached skill level 6 in Stealth
    86 | D:1      | Reached XP level 2. HP: 15/15 MP: 3/3
    98 | D:1      | Reached skill level 1 in Evocations
   309 | D:1      | Reached XP level 3. HP: 16/18 MP: 4/4
   315 | D:1      | Reached skill level 1 in Shapeshifting
   541 | D:2      | Found a sacrificial altar of Ru.
   604 | D:2      | Found the +15 Maxwell's patent armour {-Cast -Tele rElec
                  | Will+ rCorr}
   724 | D:2      | Reached XP level 4. HP: 22/23 MP: 5/5
  1221 | D:2      | Found a faded altar of an unknown god.
  1310 | D:3      | Noticed Ijyb
  1324 | D:3      | Killed Ijyb
  1325 | D:3      | Reached skill level 1 in Hexes
  1325 | D:3      | Reached skill level 1 in Transmutations
  1361 | D:3      | Reached skill level 1 in Spellcasting
  1452 | D:3      | Reached XP level 5. HP: 26/26 MP: 7/7
  1584 | D:3      | Found a glowing drain.
  1604 | Sewer    | Entered a sewer
  1717 | Sewer    | Reached skill level 1 in Armour
  1881 | Sewer    | Reached skill level 7 in Stealth
  1881 | Sewer    | Reached XP level 6. HP: 31/31 MP: 9/9
  1956 | Sewer    | Got the Encyclopedia of the Comitatus
  2487 | D:3      | Found a shimmering altar of Xom.
  2609 | D:3      | Noticed Robin
  2643 | D:3      | Killed Robin
  2782 | D:3      | Found a snail-covered altar of Cheibriados.
  2817 | D:3      | Noticed Grinder
  2849 | D:3      | Killed Grinder
  2850 | D:3      | Reached skill level 8 in Stealth
  2850 | D:3      | Reached XP level 7. HP: 34/35 MP: 11/11
  3032 | D:4      | Found a sacrificial altar of Ru.
  3393 | D:4      | Learned a level 2 spell: Wereblood
  3494 | D:4      | Reached XP level 8. HP: 39/39 MP: 13/13
  3559 | D:4      | Found a glowing golden altar of the Shining One.
  4012 | D:5      | Entered Level 5 of the Dungeon
  4068 | D:5      | Noticed Eustachio
  4147 | D:5      | Killed Eustachio
  4148 | D:5      | Reached skill level 9 in Stealth
  4344 | D:5      | Found the +7 Kryia's mail coat {PotionHeal*2 rC+}
  4785 | D:5      | Noticed Sigmund
  4794 | D:5      | Killed Sigmund
  5075 | D:5      | Reached skill level 10 in Stealth
  5315 | D:6      | Noticed Menkaure
  5486 | D:6      | Found a runed translucent gate.
  5487 | D:6      | Found a runed translucent gate.
  5489 | D:6      | Found a runed translucent gate.
  5508 | D:6      | Reached skill level 5 in Dodging
  5508 | D:6      | Reached XP level 9. HP: 44/44 MP: 14/16
  5543 | D:6      | Found Koiplesygh's Armour Boutique.
  5606 | D:6      | Killed Menkaure
  5808 | D:6      | Reached skill level 5 in Short Blades
  5961 | D:6      | Found a runed translucent door.
  5962 | D:6      | Noticed Crazy Yiuf
  6048 | D:6      | Killed Crazy Yiuf
  6137 | D:6      | Reached skill level 5 in Evocations
  6338 | D:6      | Found an opulent altar of Gozag.
  6535 | D:6      | Noticed Jano's ghost (novice DsFE)
  6535 | D:6      | Identified the +10 plate armour of Pandemonium {Will+ Int+3
                  | Stlth+}
  6576 | D:6      | Slain by an orc warrior

Illustrated notes

Levels and vault maps discovered:
D:1:      ncdulo_lavacross, layout_rooms
D:2:      layout_loops_ring, shapermc_ecumenical_altar_mp_vishouse, basic_altar
D:3:      layout_rooms, xom_teletrap_fun, marbit_many_paths,
          lightli_sewer_entry_pipes, wander_ebering_terrifying_dragon_lair,
          uniq_grinder, uniq_ijyb, uniq_robin
D:4:      layout_loops_cross, mainiacjoe_overflow_catwalk,
          mainiacjoe_overflow_concentric_impassable, nrook_uturn,
          hangedman_abyss_or_decor_stabs, cheibrodos_gnoll_hut
D:5:      minmay_opposing_rooms, layout_loops_ring, uniq_eustachio, uniq_sigmund
D:6:      layout_basic, kiku_gazebo_garden_becter, nicolae_gozag_seed_capital,
          biasface_ghost_orc_armoury, serial_shops,
          nicolae_shop_advertising_works [nicolae_subvault_shop_adworks],
          uniq_crazy_yiuf_cottage, uniq_menkaure

Skill      XL: |  1  2  3  4  5  6  7  8  9 |
---------------+----------------------------+-----
Stealth        | 6 7 8 10 | 10.8
Evocations     | 1 2 3 4 5 |  5.1
Fighting       | 2 3 |  3.8
Shapeshifting  | 1 |  1.0
Dodging        | 2 3 4 5 |  5.5
Hexes          | 1 2 4 |  4.5
Transmutations | 1 2 3 4 |  4.9
Spellcasting   | 1 2 3 4 |  4.5
Short Blades   | 3 4 5 |  5.1
Armour         | 1 2 |  2.8
Throwing       | |  2.0

Action                     |  1- 3 |  4- 6 |  7- 9 || total
---------------------------+-------+-------+-------++-------
  Melee: Dagger            |   100 |   296 |     8 ||   404
         Punch             |       |     2 |    11 ||    13
         Short sword       |       |    48 |   389 ||   437
  Throw: Dart              |       |    20 |    12 ||    32
   Cast: Wereblood         |       |       |     9 ||     9
  Evoke: Wand              |       |     2 |     8 ||    10
    Use: Scroll            |       |       |    16 ||    16
         Potion            |       |       |     5 ||     5
   Stab: Sleeping          |    10 |    20 |    11 ||    41
         Distracted        |     1 |       |     3 ||     4
 Armour: Robe              |    30 |    86 |   166 ||   282
  Dodge: Dodged            |    71 |   206 |   418 ||   695

Table legend: (Time is in decaauts)
 A = Elapsed time spent in this place.
 B = Non-inter-level travel time spent in this place.
 C = Inter-level travel time spent in this place.
 D = Time resting spent in this place.
 E = Time spent auto-exploring this place.
 F = Levels seen in this place.
 G = Mean time per level.
                   A        B        C        D        E       F      G
               +--------+--------+--------+--------+--------+-----+--------+
         Total |   4774 |   4648 |    126 |    368 |   2565 |   7 |  682.0 |
       Dungeon |   4282 |   4156 |    126 |    368 |   2327 |   6 |  713.7 |
         Sewer |    491 |    491 |      0 |      0 |    238 |   1 |  491.0 |
               +--------+--------+--------+--------+--------+-----+--------+

Top non-repeatable levels by time:
     D:5: 1046 daAuts
     D:3: 846 daAuts
     D:6: 813 daAuts
     D:4: 693 daAuts
     D:2: 544 daAuts
   Sewer: 491 daAuts
     D:1: 339 daAuts
